 Dungeon Crawl Stone Soup version 0.31-a0-1327-g8c40ea976f (webtiles) character file.

Game seed: 8501034288379848861

4 GreatBamboolord the Apothecary (level 1, -1/15 HPs)
             Began as a Naga Alchemist on Dec 21, 2023.
             Slain by an endoplasm (3 damage)
             ... on level 1 of the Dungeon.
             The game lasted 00:01:28 (110 turns).

GreatBamboolord the Apothecary (Naga Alchemist)      Turns: 110, Time: 00:01:29

Health: -1/15      AC:  1    Str: 10    XL:     1   Next: 60%
Magic:  2/3        EV:  9    Int: 15    God:
Gold:   0          SH:  0    Dex: 11    Spells: 3/4 levels left

rFire   . . .        (no weapon)
rCold   . . .        (no shield)
rNeg    . . .        a - +0 robe
rPois   +            (no helmet)
rElec   .            (no cloak)
rCorr   .            (no gloves)
SInv    +            (no barding)
Will    .....        (no amulet)
Stlth   ++           (no ring)
HPRegen 0.22/turn    (no ring)
MPRegen 0.08/turn

%: no passive effects
@: very slow
A: AC +0, large, see invisible, deformed body, poison resistance, slowness 2,
spit poison 1, naga tail 1
a: Spit Poison


You were on level 1 of the Dungeon.
You visited 1 branch of the dungeon, and saw 1 of its levels.

Inventory:

Armour
 a - a +0 robe (worn)


   Skills:
 + Level 0.0 Fighting
 * Level 1.6 Dodging
 + Level 3.0 Stealth
 * Level 2.0 Spellcasting
 * Level 1.1 Conjurations
 * Level 0.3 Air Magic
 * Level 3.6 Alchemy


You had 3 spell levels left.
You knew the following spells:

 Your Spells              Type           Power      Damage    Failure   Level
a - Sting                 Conj/Alch      32%        1d5       9%          1

Your spell library contained the following spells:

 Spells                   Type           Power      Damage    Failure   Level
 Mercury Vapours          Alch/Air       14%        N/A       14%         2
 Mephitic Cloud           Conj/Alch/Air  6%         N/A       32%         3
 Olgreb's Toxic Radiance  Alch           12%        N/A       43%         4
 Sticky Flame             Fire/Alch      7%         2d4       71%         4


Dungeon Overview and Level Annotations

Branches:
Dungeon (1/15)

Altars:


Innate Abilities, Weirdness & Mutations

Your serpentine skin is tough. (AC +0)
You have supernaturally acute eyesight. (SInv)
Armour fits poorly on your strangely shaped body.
Your system is resistant to poisons. (rPois)
You cover ground very slowly.
You can spit poison.
You have a snake-like lower body.


Message History

You hit the rat but do no damage. The rat closely misses you.
You closely miss the rat. The rat closely misses you.
You closely miss the rat.
The rat is moderately wounded.
You kill the kobold!
The rat barely misses you.
The endoplasm quivers.
You hit the rat but do no damage.
The rat is moderately wounded.
The rat closely misses you.
You closely miss the rat.
The rat is severely wounded.
The rat bites you.
You closely miss the rat.
The rat is severely wounded.
The rat bites you but does no damage.
You hit the rat.
You kill the rat!
You barely miss the endoplasm. The endoplasm hits you.
You hit the endoplasm.
The endoplasm is moderately wounded.
The endoplasm freezes you.
You are frozen.
* * * LOW HITPOINT WARNING * * *
Magic courses through your body.
The endoplasm hits you but does no damage.
Aiming: Sting (safe; 9% risk of failure)
Press: ? - help, Q - select action, (/) - cycle Shift-Dir - straight line, f - endoplasm
Aim: an endoplasm (moderately wounded, 97% to hit)
The sting hits the endoplasm.
The endoplasm is poisoned.
The endoplasm is heavily wounded.
The endoplasm hits you.
* * * LOW HITPOINT WARNING * * *
Aiming: Sting (safe; 9% risk of failure)
Press: ? - help, Q - select action, (/) - cycle Shift-Dir - straight line, f/p - endoplasm
Aim: an endoplasm (severely wounded, poisoned, 97% to hit)
The sting hits the endoplasm.
The endoplasm partially resists.
The endoplasm is almost dead.
The endoplasm hits you.
You die...

#.##...###.# #.##
##..
.........##.#
##..## #..
......r...#.#
#..#.# ##.
....r...#...#.#
#..#.# #.
........###.#.#
##.#.## ##
........#
#.#.###..#.#
...g....#
#)..#.#.###.
........#
#J#.....# .#
.....#J #@#....##
#. ###.#.#..# .#
#.....#.## ..
#......#######...
#...............
#......#########
#......# #......#
#......#


You could see an endoplasm (poisoned).

Vanquished Creatures
  A bat (D:1)
  2 kobolds (D:1)
  A rat (D:1)
4 creatures vanquished.

Notes
Turn   | Place    | Note
-------+----------+-------------------------------------------
     0 | D:1      | GreatBamboolord the Naga Alchemist began the quest for the
                  | Orb.
     0 | D:1      | Reached XP level 1. HP: 15/15 MP: 3/3
   110 | D:1      | Slain by an endoplasm

Illustrated notes

Levels and vault maps discovered:
D:1:      dpeg_arrival_arbitrary_a, layout_basic, minmay_tromino_mix6

Action                     || total
---------------------------++-------
  Melee: Unarmed           ||     9
   Cast: Sting             ||     7
    Use: Potion            ||     1
 Armour: Robe              ||    17
  Dodge: Dodged            ||    13

Table legend: (Time is in decaauts)
 A = Elapsed time spent in this place.
 B = Non-inter-level travel time spent in this place.
 C = Inter-level travel time spent in this place.
 D = Time resting spent in this place.
 E = Time spent auto-exploring this place.
 F = Levels seen in this place.
 G = Mean time per level.
                   A        B        C        D        E       F      G
               +--------+--------+--------+--------+--------+-----+--------+
         Total |    132 |    132 |      0 |     35 |     29 |   1 |  132.0 |
       Dungeon |    132 |    132 |      0 |     35 |     29 |   1 |  132.0 |
               +--------+--------+--------+--------+--------+-----+--------+

Top non-repeatable levels by time:
     D:1: 132 daAuts
